 Dungeon Crawl Stone Soup version 0.29-a0-330-g52719c12eb (webtiles) character file.

Game seed: 222288718483336429

68380 HoaS the Grappler (level 14, -1/146 HPs)
             Began as a Troll Gladiator on May 20, 2022.
             Was the Champion of Okawaru.
             Slain by a nine-headed hydra (10 damage)
             ... on level 6 of the Lair of Beasts.
             The game lasted 00:57:39 (17206 turns).

HoaS the Grappler (Troll Gladiator)                Turns: 17206, Time: 00:57:39

Health: -1/146     AC: 12    Str: 31    XL:     14   Next: 86%
Magic:  18/18      EV: 17    Int:  4    God:    Okawaru [******]
Gold:   3334       SH:  0    Dex: 21    Spells: 13/13 levels left

rFire   . . .      SeeInvis .     - Unarmed
rCold   . . .      Faith    .   (no shield)
rNeg    . . .      Spirit   .   K - +4 troll leather armour {Snorg}
rPois   .          Reflect  .   b - +0 hat
rElec   .          Harm     .   g - +0 cloak
rCorr   .          Rampage  .   (gloves unavailable)
Will    +....                   (boots unavailable)
Stlth   ++........              o - amulet of regeneration
HPRegen 2.74/turn               z - +6 ring of dexterity
MPRegen 0.16/turn               x - +6 ring of strength

@: no status effects
A: large, unfitting armour, claws 3, regeneration 1, shaggy fur 1, tough skin 1
a: Renounce Religion, Heroism, Finesse, Duel


You were on level 6 of the Lair of Beasts.
You worshipped Okawaru.
Okawaru was exalted by your worship.
You visited 4 branches of the dungeon, and saw 21 of its levels.
You visited 1 bazaar.
You also visited: Ice Cave.

You collected 3837 gold pieces.
You spent 503 gold pieces at shops.

Inventory:

Missiles
 a - 37 poisoned darts
 c - 4 throwing nets
 d - 21 large rocks (quivered)
 q - 8 boomerangs
 v - 2 curare-tipped darts
 J - 4 javelins
Armour
 b - a +0 hat (worn)
 g - a +0 cloak (worn)
 D - +0 acid dragon scales
 K - a +4 troll leather armour (worn) {Snorg}
Jewellery
 j - a ring of poison resistance
 k - a ring of see invisible
 l - a ring of resist corrosion
 o - an amulet of regeneration (around neck)
 x - a +6 ring of strength (right claw)
 z - a +6 ring of dexterity (left claw)
Wands
 e - a wand of flame (40)
 y - a wand of digging (5)
 E - a wand of paralysis (20)
 F - a wand of acid (8)
 H - a wand of iceblast (5)
 I - a wand of polymorph (4)
Scrolls
 h - 2 scrolls of magic mapping
 s - 7 scrolls of teleportation
 t - 7 scrolls of identify
 w - a scroll of holy word
 C - a scroll of silence
Potions
 f - 3 potions of flight
 i - a potion of resistance
 m - 3 potions of lignification
 n - 6 potions of mutation
 p - 5 potions of berserk rage
 r - 2 potions of attraction
 u - 11 potions of curing
 A - 2 potions of invisibility
 B - 2 potions of cancellation
 G - 2 potions of haste


   Skills:
 * Level 11.4 Fighting
 - Level 9.0 Throwing
 + Level 4.9 Armour
 * Level 11.5 Dodging
 * Level 14.1 Unarmed Combat
 + Level 7.0 Invocations


You had 13 spell levels left.
You didn't know any spells.
Your spell library contained the following spells:

 Spells                   Type           Power      Damage    Failure   Level
 Apportation              Tloc           0%         N/A       54%         1
 Magic Dart               Conj           0%         1d3       54%         1
 Sandblast                Erth           0%         2d4       54%         1
 Passwall                 Tmut/Erth      0%         N/A       67%         2
 Scorch                   Fire           0%         2d5       67%         2
 Mephitic Cloud           Conj/Pois/Air  0%         N/A       88%         3
 Portal Projectile        Hex/Tloc       0%         N/A       88%         3
 Stone Arrow              Conj/Erth      0%         3d7       88%         3
 Flame Wave               Conj/Fire      0%         2d4       99%         4
 Leda's Liquefaction      Hex/Erth       0%         N/A       99%         4
 Animate Skeleton         Necr           Unusable   N/A       N/A         1
 Summon Small Mammal      Summ           Unusable   N/A       N/A         1
 Call Imp                 Summ           Unusable   N/A       N/A         2
 Call Canine Familiar     Summ           Unusable   N/A       N/A         3
 Summon Cactus Giant      Summ           Unusable   N/A       N/A         6

Dungeon Overview and Level Annotations

Branches:
Dungeon (12/15)            Temple (1/1) D:7            Lair (6/6) D:9
  Swamp (0/4) Lair:4        Snake (0/4) Lair:4        Slime (0/5) Lair:6
    Orc (2/2) D:12            Elf (0/3) Orc:2         IceCv (visited)

Altars:
Ashenzari
Cheibriados
Dithmenos
Elyvilon
Fedhas
Gozag
Hepliaklqana
Kikubaaqudgha
Makhleb
Nemelex Xobeh
Okawaru
Qazlal
Ru
Sif Muna
Trog
Uskayaw
Vehumet
Wu Jian
Xom
Yredelemnul
Zin
The Shining One
Beogh
Jiyva

Shops:
Orc:1 [   Orc:2 :[[[!

Annotations:
D:12 2 transporters, Mackaip's ghost, journeyman HOMo
Lair:2 2 transporters
Lair:5 3 runed translucent doors, Dybu's ghost, journeyman NaGl
Lair:6 1 runed translucent door


Innate Abilities, Weirdness & Mutations

You are too large for most types of armour.
You have claws for hands.
Your natural rate of healing is unusually fast.
You are covered in fur. (AC +1)
You have tough skin. (AC +1)


Message History

The nine-headed hydra barely misses you.
The nine-headed hydra completely misses you.
The nine-headed hydra bites you but does no damage.
The nine-headed hydra completely misses you.
The nine-headed hydra bites you.
Throw: 23 large rocks
Press: ? - help, Q - select action, (/) - cycle Shift-Dir - straight line, f/p - nine-headed hydra
Aim: a nine-headed hydra (heavily wounded, 84% to hit)
You throw a large rock.
The large rock hits the nine-headed hydra!!
The nine-headed hydra is almost dead.
The nine-headed hydra bites you but does no damage.
The nine-headed hydra misses you.
The nine-headed hydra bites you but does no damage.
The nine-headed hydra bites you.
The nine-headed hydra closely misses you.
The nine-headed hydra bites you! x2
The nine-headed hydra completely misses you.
The nine-headed hydra bites you! The nine-headed hydra bites you.
The nine-headed hydra bites you!
* * * LOW HITPOINT WARNING * * *
The nine-headed hydra bites you.
* * * LOW HITPOINT WARNING * * *
The nine-headed hydra bites you but does no damage.
The nine-headed hydra misses you. The nine-headed hydra bites you!
* * * LOW HITPOINT WARNING * * *
The nine-headed hydra closely misses you.
The nine-headed hydra bites you.
* * * LOW HITPOINT WARNING * * *
The nine-headed hydra misses you.
Throw: 22 large rocks
Press: ? - help, Q - select action, (/) - cycle Shift-Dir - straight line, f/p - nine-headed hydra
Aim: a nine-headed hydra (almost dead, 84% to hit)
You throw a large rock.
The large rock hits the nine-headed hydra.
The nine-headed hydra is almost dead.
The nine-headed hydra completely misses you. x2
The nine-headed hydra bites you but does no damage.
The nine-headed hydra bites you!
You die...

#.#....# .#
##.....# ##
######....#
#.#....?.###
#..........#
#........###
##.......##
#.......##
#....@.##
##...$D#
#........
#...$......
#P.....P.....
##.....PP....
P...P.P#....
#P....P##...(


You could see a nine-headed hydra.

Vanquished Creatures
  Snorg (Lair:3)
  An ettin (Orc:2)
  Josephine (D:10)
  5 hydras
  4 two-headed ogres
  8 orc high priests
  9 death yaks
  4 skeletal warriors (D:9)
  Nergalle (Lair:4)
  An orc knight (Orc:2)
  An oklob plant (Lair:1)
  An ugly thing (D:11)
  4 orc sorcerers
  A manticore (D:10)
  3 cyclopes
  13 elephants
  4 black mambas
  2 torpor snails
  13 cane toads
  A rime drake (Lair:4)
  A kobold demonologist (D:12)
  9 komodo dragons
  3 polar bears
  A hornet (D:9)
  2 trolls
  16 blink frogs
  A tyrant leech (Lair:4)
  A blink frog (shapeshifter) (D:10)
  8 wraiths
  54 yaks
  11 basilisks
  11 wyverns
  2 steam dragons
  3 vampire mosquitoes
  6 wargs
  3 swamp worms (Lair:4)
  A naga (shapeshifter) (D:11)
  4 nagas (Lair:4)
  Menkaure (D:4)
  An acid dragon (D:11)
  A hell hound (Lair:4)
  20 water moccasins
  16 orc warriors
  A sky beast (D:6)
  4 black bears
  8 ice beasts
  9 ogres
  18 wolves
  7 centaurs
  A phantom (D:7)
  7 kobold brigands
  14 bullfrogs
  11 wights
  9 killer bees
  8 howler monkeys
  5 electric eels
  3 hounds
  29 orc priests
  3 jellies
  A gnoll shaman (D:6)
  Ijyb (D:2)
  2 iguanas
  19 orc wizards
  8 hell rats (Lair:4)
  A killer bee simulacrum (D:8)
  Robin (D:3)
  8 gnolls
  11 adders
  A shadow imp (D:6)
  15 white imps
  2 howler monkey simulacra (D:8)
  An ufetubus (D:8)
  A worm (D:4)
  2 dart slugs
  87 orcs
  6 bats
  6 endoplasms
  A giant cockroach (D:1)
  20 goblins
  9 hobgoblins
  28 kobolds
  5 quokkas
  5 ball pythons
  5 frilled lizards
  4 rats
  A bush (Lair:1)
642 creatures vanquished.

Vanquished Creatures (others)
  A bullfrog (D:6)
  An orc wizard (D:12)
  30 fungi
  53 plants
85 creatures vanquished.

Grand Total: 727 creatures vanquished

Notes
Turn   | Place    | Note
-------+----------+-------------------------------------------
     0 | D:1      | HoaS the Troll Gladiator began the quest for the Orb.
     0 | D:1      | Reached XP level 1. HP: 19/19 MP: 0/0
   184 | D:1      | Reached XP level 2. HP: 28/28 MP: 1/1
   315 | D:1      | Found a faded altar of an unknown god.
   490 | D:1      | Reached XP level 3. HP: 35/35 MP: 2/2
   793 | D:2      | Reached XP level 4. HP: 23/42 MP: 0/3
   798 | D:2      | Reached skill level 4 in Unarmed Combat
  1180 | D:3      | Found an ancient bone altar of Kikubaaqudgha.
  1197 | D:3      | Noticed Robin
  1272 | D:3      | Reached XP level 5. HP: 49/49 MP: 4/4
  1313 | D:3      | Noticed Ijyb
  1339 | D:2      | Killed Ijyb
  1551 | D:3      | Killed Robin
  1698 | D:3      | Reached XP level 6. HP: 57/59 MP: 5/5
  2213 | D:4      | Reached skill level 5 in Unarmed Combat
  2376 | D:4      | Found the +8 frozen axe "Frostbite" {freezing cloud, *Noise
                  | Fly rC+}
  2404 | D:4      | Noticed an orc warrior
  2570 | D:4      | Killed an orc warrior
  2571 | D:4      | Reached XP level 7. HP: 36/67 MP: 6/6
  2705 | D:4      | Noticed Menkaure
  2709 | D:4      | Killed Menkaure
  2710 | D:4      | Reached skill level 6 in Unarmed Combat
  2787 | D:4      | Found an opulent altar of Gozag.
  2921 | D:4      | Found an ornate altar of the Wu Jian Council.
  3013 | D:5      | Entered Level 5 of the Dungeon
  3092 | D:5      | Identified the +6 trident "Kobuolaj" {vorpal, rC+}
  3708 | D:5      | Reached XP level 8. HP: 45/78 MP: 7/7
  3908 | D:6      | Reached skill level 7 in Unarmed Combat
  3922 | D:6      | Reached skill level 5 in Dodging
  4158 | D:6      | Reached skill level 5 in Fighting
  4160 | D:6      | Reached XP level 9. HP: 56/88 MP: 8/8
  4552 | D:6      | Reached skill level 5 in Throwing
  4811 | D:7      | Reached skill level 8 in Unarmed Combat
  5278 | D:7      | Found a staircase to the Ecumenical Temple.
  5296 | Temple   | Entered the Ecumenical Temple
  5385 | Temple   | Became a worshipper of Warmaster Okawaru
  5875 | D:8      | Reached XP level 10. HP: 98/98 MP: 9/9
  5885 | D:8      | Reached * piety under Okawaru
  5889 | D:8      | Reached skill level 1 in Invocations
  5893 | D:8      | Reached skill level 9 in Unarmed Combat
  6068 | D:8      | Reached ** piety under Okawaru
  6089 | D:8      | Noticed a two-headed ogre
  6111 | D:8      | Killed a two-headed ogre
  6196 | D:8      | Reached *** piety under Okawaru
  6664 | D:8      | Found a glowing golden altar of the Shining One.
  6666 | D:8      | Noticed an angel
  6707 | D:8      | Found a shimmering altar of Xom.
  6773 | D:8      | Found a basalt altar of Yredelemnul.
  6879 | D:9      | Noticed a death yak
  6895 | D:9      | Killed a death yak
  6898 | D:9      | Reached XP level 11. HP: 102/109 MP: 9/12
  6916 | D:9      | Found a staircase to the Lair.
  6993 | D:9      | Reached skill level 10 in Unarmed Combat
  7001 | D:9      | Reached **** piety under Okawaru
  7088 | D:9      | Noticed a skeletal warrior
  7113 | D:9      | Killed a skeletal warrior
  7113 | D:9      | Received a gift from Okawaru
  7139 | D:9      | Noticed a skeletal warrior
  7157 | D:9      | Killed a skeletal warrior
  7345 | D:9      | Noticed a skeletal warrior
  7346 | D:9      | Noticed a skeletal warrior
  7371 | D:9      | Killed a skeletal warrior
  7375 | D:9      | Killed a skeletal warrior
  7752 | D:10     | Entered Level 10 of the Dungeon
  7789 | D:10     | Identified 2 scrolls of acquirement
  7789 | D:10     | Acquired 1180 gold pieces
  7791 | D:10     | Acquired 604 gold pieces
  8037 | D:10     | Found a bloodstained altar of Trog.
  8037 | D:10     | Noticed a two-headed ogre
  8043 | D:10     | Killed a two-headed ogre
  8044 | D:10     | Found a white marble altar of Elyvilon.
  8141 | D:10     | Reached ***** piety under Okawaru
  8225 | D:10     | Noticed Josephine
  8232 | D:10     | Killed Josephine
  8233 | D:10     | Reached skill level 11 in Unarmed Combat
  8242 | D:10     | Received a gift from Okawaru
  8744 | D:11     | Reached XP level 12. HP: 114/122 MP: 13/13
  9286 | D:11     | Received a gift from Okawaru
  9625 | D:12     | Noticed a two-headed ogre
  9625 | D:12     | Found a staircase to the Orcish Mines.
  9634 | D:12     | Killed a two-headed ogre
  9762 | D:12     | Reached skill level 1 in Armour
  9900 | D:12     | Found a transporter.
  9900 | D:12     | Noticed a two-headed ogre
  9902 | D:12     | Noticed a two-headed ogre
  9903 | D:12     | Noticed a two-headed ogre
  9903 | D:12     | Noticed Mackaip's ghost (journeyman HOMo)
  9904 | D:12     | Found a transporter.
  9904 | D:12     | Noticed a two-headed ogre
  9905 | D:12     | Noticed a two-headed ogre
  9906 | D:12     | Identified the +4 dire flail of the Disturbing Heavens
                  | {flame, Int+4}
  9906 | D:12     | Noticed a two-headed ogre
  9917 | D:12     | Noticed a two-headed ogre
  9969 | D:12     | Found a bloodstained altar of Trog.
 10179 | Orc:1    | Entered Level 1 of the Orcish Mines
 10458 | Orc:1    | Noticed an orc high priest
 10508 | Orc:1    | Killed an orc high priest
 10508 | Orc:1    | Received a gift from Okawaru
 10665 | Orc:1    | Found Puanwin's Armour Shoppe.
 10765 | Orc:2    | Entered Level 2 of the Orcish Mines
 10855 | Orc:2    | Found Lala's Armour Shoppe.
 10857 | Orc:2    | Found a gateway to a bazaar.
 10870 | Bazaar   | Entered a bazaar
 10870 | Bazaar   | Found Neptikh's Distillery.
 10882 | Bazaar   | Found Uriuvvik's Antique Armour Shop.
 10908 | Bazaar   | Found Ackit's Antique Weapon Shop.
 10929 | Bazaar   | Bought a potion of cancellation for 80 gold pieces
 10929 | Bazaar   | Bought 2 potions of haste for 200 gold pieces
 10929 | Bazaar   | Bought a potion of curing for 30 gold pieces
 10929 | Bazaar   | Bought a potion of heal wounds for 50 gold pieces
 11137 | Orc:2    | Reached skill level 12 in Unarmed Combat
 11149 | Orc:2    | Noticed an ettin
 11160 | Orc:2    | Killed an ettin
 11169 | Orc:2    | Noticed an orc high priest
 11182 | Orc:2    | Killed an orc high priest
 11183 | Orc:2    | Reached skill level 5 in Invocations
 11324 | Orc:2    | Noticed a two-headed ogre
 11328 | Orc:2    | Paralysed by an orc sorcerer for 4 turns
 11339 | Orc:2    | Killed a two-headed ogre
 11340 | Orc:2    | Reached XP level 13. HP: 49/131 MP: 7/15
 11618 | Orc:2    | Identified the +1 robe of the Thunderstorm {Rampage Str+4
                  | Int-5} (Okawaru gifted it to you on level 2 of the Orcish
                  | Mines)
 11618 | Orc:2    | Received a gift from Okawaru
 11705 | Orc:1    | Reached skill level 10 in Dodging
 11763 | Orc:2    | Found Suakaezxiyrr's Antique Armour Shop.
 11763 | Orc:2    | Found Fowiojaq's Book Emporium.
 11869 | Orc:2    | Found a staircase to the Elven Halls.
 12004 | Orc:2    | Found Inym Vexa's Distillery.
 12004 | Orc:2    | Found Curoimau's Armour Emporium.
 12010 | Orc:2    | Bought a potion of heal wounds for 55 gold pieces
 12010 | Orc:2    | Bought a potion of curing for 33 gold pieces
 12010 | Orc:2    | Bought a potion of heal wounds for 55 gold pieces
 12231 | Lair:1   | Entered Level 1 of the Lair of Beasts
 12354 | Lair:1   | Reached skill level 10 in Fighting
 12603 | Lair:1   | HP: 5/133 [wolf (5)]
 12610 | Lair:1   | HP: 2/133 [wolf (6)]
 13191 | Lair:2   | Found a transporter.
 13192 | Lair:2   | Found the ring of the Tortoise {AC+8}
 13633 | Lair:2   | Found a transporter.
 13786 | Lair:2   | Identified the +12 rapier "Veih" {antimagic, +Blink rC-
                  | rCorr Str+4} (Okawaru gifted it to you on level 2 of the
                  | Lair of Beasts)
 13786 | Lair:2   | Received a gift from Okawaru
 13943 | Lair:3   | Reached skill level 13 in Unarmed Combat
 13947 | Lair:3   | Found a frozen archway.
 13979 | IceCv    | Entered an ice cave
 14057 | Lair:3   | Noticed Snorg
 14076 | Lair:3   | Killed Snorg
 14409 | Lair:3   | Reached XP level 14. HP: 144/144 MP: 17/17
 15209 | Lair:4   | Found a staircase to the Swamp.
 15276 | Lair:4   | Received a gift from Okawaru
 15490 | Lair:4   | HP: 1/144 [elephant (10)]
 15719 | Lair:4   | Found a staircase to the Snake Pit.
 15787 | Lair:4   | Noticed Nergalle
 15796 | Lair:4   | Killed Nergalle
 16157 | Lair:4   | Reached ****** piety under Okawaru
 16308 | Lair:5   | Found a runed translucent gate.
 16308 | Lair:5   | Found a runed translucent gate.
 16308 | Lair:5   | Found a runed translucent gate.
 16370 | Lair:5   | Identified the +0 kite shield of Loneeha {Int+2 Stlth+}
                  | (Okawaru gifted it to you on level 5 of the Lair of Beasts)
 16370 | Lair:5   | Received a gift from Okawaru
 16479 | Lair:5   | HP: 5/146 [komodo dragon (28)]
 16588 | Lair:5   | Reached skill level 14 in Unarmed Combat
 16990 | Lair:5   | Noticed Dybu's ghost (journeyman NaGl)
 17029 | Lair:6   | Entered Level 6 of the Lair of Beasts
 17164 | Lair:6   | Found a runed translucent door.
 17165 | Lair:6   | Found a viscous altar of Jiyva.
 17166 | Lair:6   | Found a staircase to the Slime Pits.
 17166 | Lair:6   | Noticed an acid blob
 17166 | Lair:6   | Noticed an acid blob
 17168 | Lair:6   | Noticed an acid blob
 17205 | Lair:6   | HP: 5/146 [nine-headed hydra (5)]
 17206 | Lair:6   | Slain by a nine-headed hydra

Illustrated notes

Levels and vault maps discovered:
D:1:      dpeg_arrival_connections, layout_basic, serial_glass, glass_columns_a,
          glass_columns_b, nicolae_ecumenical_lake_church, minmay_pentomino_q2
D:2:      layout_rooms
D:3:      kennysheep_the_goblin_king, layout_loops_ring, lemuel_doored_altar,
          saegor_snake_ambush, uniq_robin
D:4:      cheibrodos_helix_gallery, layout_loops_ring, marbit_many_paths,
          grunt_gozag_statues, uniq_menkaure
D:5:      layout_gridville
D:6:      minmay_razor_zed, layout_rooms, chequers_serial_rivers_micro_e,
          minmay_crystal_water, lemuel_old_faithful
D:7:      layout_loops_ring, minmay_temple_entry_grid
D:8:      layout_basic, grunt_temple_overflow_holy_war,
          nicolae_overflow_hidden_temple, serial_ice, serial_ice_f,
          serial_ice_i, serial_ice_c, serial_ice_n, serial_ice_e, serial_ice_h,
          serial_ice_b, chequers_serial_rivers_small_b
D:9:      layout_basic, david_lair_generic
D:10:     layout_roguey, jmf_multi_god_temple, grunt_ministairs_9,
          uniq_josephine
D:11:     layout_gridville
D:12:     layout_cave_pools, orc_0_dummy, gammafunk_ghost_smash,
          trog_antimagical
Temple:   nicolae_temple_great_sept
Lair:1:   layout_chaotic_city, minmay_lair_oklob_bushes, serial_bayou_pond_d,
          grunt_megastairs_3, lemuel_fruit_tree, serial_bayou_shore_a,
          lemuel_fruit_fields, serial_bayou_shore_b
Lair:2:   gammafunk_cloud_chamber, layout_regular_city
Lair:3:   layout_cave_pods, portal_ice_cave_entry_imps, serial_rivers,
          chequers_serial_rivers_micro_d, chequers_serial_rivers_large_a,
          chequers_serial_rivers_room_a, chequers_serial_rivers_large_b,
          chequers_serial_rivers_marsh, chequers_serial_rivers_room_a,
          st_stairs_13, nicolae_quartered_pool_super,
          nicolae_lair_grazing_beasts [nicolae_sub_lair_graze_edge,
          nicolae_sub_lair_graze_edge, nicolae_sub_lair_graze_edge,
          nicolae_sub_lair_graze_edge], uniq_snorg
Lair:4:   layout_roguey [special_room_mythical_zoo], minmay_swamp_entry_worms,
          minmay_snake_entry_guardpost_small, beast_lair_carwin_5, uniq_nergalle
Lair:5:   layout_hall_layers, gammafunk_ghost_icy, minivault_11
Lair:6:   hangedman_lair_tendril_chambers, layout_cellular_growth, wormcave,
          slime_altar_2
Orc:1:    layout_caves, serial_shops, nicolae_shop_trees
Orc:2:    st_orc_town, layout_caves, serial_shops, bzr_entry_gold, shop

Skill      XL: |  1  2  3  4  5  6  7  8  9 10 11 12 13 14 |
---------------+-------------------------------------------+-----
Throwing       | 2 3 4 5 6 7 8 9 |  9.0
Fighting       | 2 3 5 6 7 8 9 10 11 | 11.4
Unarmed Combat | 4 5 6 7 8 9 11 12 13 14 | 14.1
Dodging        | 3 4 5 6 7 8 9 10 11 | 11.5
Invocations    | 2 3 5 6 7 |  7.0
Armour         | 2 3 4 |  4.9

Action                   |  1- 3 |  4- 6 |  7- 9 | 10-12 | 13-15 || total
-------------------------+-------+-------+-------+-------+-------++-------
Melee: Unarmed           |    81 |   192 |   316 |   691 |   795 ||  2075
       Punch             |       |     6 |    17 |    55 |    86 ||   164
Throw: Throwing net      |       |     2 |     2 |       |       ||     4
       Large rock        |       |       |       |       |    31 ||    31
Invok: Heroism           |       |       |       |    11 |     6 ||    17
       Finesse           |       |       |       |     5 |     5 ||    10
Evoke: Wand              |       |     4 |       |     7 |       ||    11
  Use: Scroll            |     5 |     7 |     9 |     6 |     7 ||    34
       Potion            |       |     2 |       |     7 |     3 ||    12
 Stab: Sleeping          |       |     2 |       |       |     2 ||     4
Armor: Robe              |    33 |    74 |    60 |       |       ||   167
       Skin              |       |    17 |       |       |       ||    17
       Steam dragon scal |       |       |    16 |   125 |       ||   141
       Acid dragon scale |       |       |       |    29 |   103 ||   132
       Troll leather arm |       |       |       |       |   160 ||   160
Dodge: Dodged            |    48 |    84 |   171 |   483 |   695 ||  1481

Table legend: (Time is in decaauts)
 A = Elapsed time spent in this place.
 B = Non-inter-level travel time spent in this place.
 C = Inter-level travel time spent in this place.
 D = Time resting spent in this place.
 E = Time spent auto-exploring this place.
 F = Levels seen in this place.
 G = Mean time per level.
                   A        B        C        D        E       F      G
               +--------+--------+--------+--------+--------+-----+--------+
         Total |  16887 |  16055 |    832 |   1385 |  10342 |  23 |  734.2 |
       Dungeon |  10067 |   9465 |    602 |    852 |   6256 |  12 |  838.9 |
        Temple |     99 |     73 |     26 |      0 |     60 |   1 |   99.0 |
          Lair |   4863 |   4755 |    108 |    309 |   3109 |   6 |  810.5 |
  Orcish Mines |   1779 |   1684 |     95 |    224 |    874 |   2 |  889.5 |
        Bazaar |     71 |     71 |      0 |      0 |     43 |   1 |   71.0 |
      Ice Cave |      4 |      4 |      0 |      0 |      0 |   1 |    4.0 |
               +--------+--------+--------+--------+--------+-----+--------+

Top non-repeatable levels by time:
  Lair:3: 1161 daAuts
   Orc:2: 1141 daAuts
  Lair:4: 1070 daAuts
     D:3: 1051 daAuts
     D:7: 992 daAuts
    D:10: 950 daAuts
    D:11: 947 daAuts
     D:8: 945 daAuts
  Lair:1: 897 daAuts
     D:9: 893 daAuts
     D:6: 870 daAuts
     D:4: 831 daAuts
     D:5: 807 daAuts
  Lair:2: 800 daAuts
  Lair:5: 769 daAuts
